 Dungeon Crawl Stone Soup version 0.30.0-19-g36f170ea60 (webtiles) character file.

Game seed: 16038584783054864015

74 cheesebisquit the Trooper (level 4, -6/40 HPs)
             Began as a Hill Orc Necromancer on May 31, 2023.
             Killed from afar by Natasha (19 damage)
             ... with a bolt of light
             ... on level 2 of the Dungeon.
             The game lasted 00:05:23 (1844 turns).

cheesebisquit the Trooper (Hill Orc Necromancer)    Turns: 1844, Time: 00:05:23

Health: -6/40      AC:  3    Str: 10    XL:     4   Next: 28%
Magic:  2/6        EV: 11    Int: 22    God:
Gold:   66         SH:  5    Dex:  7    Spells: 5/6 levels left

rFire   . . .        j - +6 mace of the Living Dead {freeze, rC+ rCorr Int+5 Dex-4}
rCold   + . .        (no shield)
rNeg    . . .        a - +0 robe
rPois   .            e - +1 hat {Will+}
rElec   .            (no cloak)
rCorr   +            (no gloves)
SInv    .            (no boots)
Will    +....        b - amulet of reflection
Stlth   +            (no ring)
HPRegen 0.26/turn    (no ring)
MPRegen 0.10/turn

%: reflection
@: very slightly contaminated
A: no striking features
a: no special abilities


You were on level 2 of the Dungeon.
You visited 1 branch of the dungeon, and saw 2 of its levels.

You collected 66 gold pieces.

Inventory:

Hand Weapons
 g - a +0 short sword of electrocution
 j - the +6 mace of the Living Dead (weapon) {freeze, rC+ rCorr Int+5 Dex-4}
   (You found it on level 2 of the Dungeon)

   Int:       It affects your intelligence (+5).
   Dex:       It affects your dexterity (-4).
   rC:        It protects you from cold.
   rCorr:     It protects you from acid and corrosion.
Armour
 a - a +0 robe (worn)
 e - a +1 hat of willpower (worn)
Jewellery
 b - an amulet of reflection (around neck)
Wands
 k - a wand of charming (10)
Scrolls
 h - a scroll of identify {unknown}
 i - a scroll of noise {unknown}
 l - a scroll of vulnerability {unknown}
Potions
 c - a potion of haste {unknown}
 d - 2 potions of curing {unknown}
 f - a potion of lignification {unknown}


   Skills:
 + Level 4.1 Fighting
 * Level 1.3 Maces & Flails
 - Level 1.5 Dodging
 - Level 1.5 Stealth
 - Level 1.5 Spellcasting
 - Level 4.0 Necromancy


You had 5 spell levels left.
You knew the following spells:

 Your Spells              Type           Power      Damage    Failure   Level
a - Necrotise             Necr           76%        1d7       2%          1

Your spell library contained the following spells:

 Spells                   Type           Power      Damage    Failure   Level
 Vampiric Draining        Necr           19%        2d7       9%          3
 Animate Dead             Necr           19%        N/A       28%         4
 Agony                    Necr           19%        N/A       61%         5


Dungeon Overview and Level Annotations

Branches:
Dungeon (2/15)

Altars:

Annotations:
D:2 Natasha


Message History

You can't go down here!
There is an open door here.
There is an open door here.
There is an open door here.
There is a stone staircase leading down here.
You climb downwards.
There is a stone staircase leading up here.
A rat and an adder come into view.
The rat writhes in agony.
You kill the rat!
The adder hisses angrily.
Natasha, Servant of Life and Death comes into view.
She is carrying a wand of light (9).
Natasha moves out of view.
You see here a scroll labelled WER LIBBAKKETO.
The adder writhes in agony!
The adder bites you.
The adder writhes in agony.
The adder bites you.
Your rat skeleton closely misses the adder.
The adder closely misses you.
The adder writhes in agony.
You kill the adder!
The dead are slithering!
Natasha casts a spell at you. The magic dart hits you.
Found 3 javelins.
Natasha zaps a wand.
The bolt of light hits your adder skeleton!!
Your adder skeleton is destroyed!
The bolt of light hits your rat skeleton!!
Your rat skeleton is destroyed!
The bolt of light hits you!!
Ouch! That really hurt!
You are too injured to fight recklessly!
Okay, then.
Aiming: Necrotise (safe; 2% risk of failure)
Press: ? - help, Q - select action, (/) - cycle Shift-Dir - straight line, f - Natasha
Aim: Natasha, carrying a wand of light (8) (chance to affect: 78%)
You miscast Necrotise.
You are very lightly contaminated with residual magic.
Nothing appears to happen.
Natasha zaps a wand.
The bolt of light hits you!!
You die...

#### ## #.. ..
#.# #. #<# #( #.#
###. #.#
..h#...##.######
.......@?.......#
####.#.######.###
#. #. ##


You could see Natasha.

Vanquished Creatures
  2 adders (D:2)
  4 dart slugs (D:1)
  4 bats (D:1)
  7 endoplasms
  6 hobgoblins
  4 jackals (D:1)
  2 quokkas
  4 ball pythons
  2 frilled lizards
  4 goblins (D:1)
  A kobold (D:2)
  3 rats
43 creatures vanquished.

Vanquished Creatures (collateral kills)
  A bat (D:1)
  A rat (D:1)
2 creatures vanquished.

Grand Total: 45 creatures vanquished

Notes
Turn   | Place    | Note
-------+----------+-------------------------------------------
     0 | D:1      | cheesebisquit the Hill Orc Necromancer began the quest for
                  | the Orb.
     0 | D:1      | Reached XP level 1. HP: 14/14 MP: 3/3
    27 | D:1      | Reached skill level 1 in Fighting
   139 | D:1      | Reached XP level 2. HP: 24/24 MP: 2/4
   306 | D:1      | Found a faded altar of an unknown god.
   668 | D:1      | Reached XP level 3. HP: 31/31 MP: 2/5
  1563 | D:2      | Identified the +6 mace of the Living Dead {freeze, rC+
                  | rCorr Int+5 Dex-4}
  1726 | D:2      | Reached skill level 1 in Maces & Flails
  1726 | D:2      | Reached XP level 4. HP: 40/40 MP: 3/6
  1836 | D:2      | Noticed Natasha
  1844 | D:2      | Killed from afar by Natasha

Illustrated notes

Levels and vault maps discovered:
D:1:      minmay_arrival_up_and_down, layout_loops_corners,
          dreamdust_ecumenical_altar_grove
D:2:      layout_basic, uniq_robin, uniq_terence, uniq_natasha

Skill      XL: |  1  2  3 |
---------------+----------+-----
Fighting       | 1 3 4 |  4.1
Maces & Flails | 1 |  1.3
Dodging        | |  1.5
Stealth        | |  1.5
Spellcasting   | |  1.5
Necromancy     | |  4.0

Action                     |  1- 3 |  4- 6 || total
---------------------------+-------+-------++-------
  Melee: Unarmed           |    20 |       ||    20
         Punch             |     1 |       ||     1
   Cast: Necrotise         |    73 |     5 ||    78
    Use: Potion            |     1 |       ||     1
 Armour: Robe              |     7 |       ||     7
  Dodge: Dodged            |    17 |     1 ||    18
